 Dungeon Crawl Stone Soup version 0.21-a0-67-g3f13d09 (webtiles) character file.

13564 Ijustatesigmund the Fighter (level 12, -2/90 HPs)
             Began as an Octopode Assassin on June 17, 2017.
             Was an Elder of Okawaru.
             Slain by a fire crab (shapeshifter) (15 damage)
             ... on level 13 of the Dungeon.
             The game lasted 00:33:12 (12714 turns).

Ijustatesigmund the Fighter (Octopode Assassin)    Turns: 12714, Time: 00:33:14

Health: -2/90      AC:  7    Str: 10    XL:     12   Next: 7%
Magic:  15/17      EV: 27    Int: 16    God:    Okawaru [****..]
Gold:   592        SH: 12    Dex: 18    Spells: 9/11 levels left

rFire    . . .     SeeInvis +   l - +3 short sword (vamp)
rCold    + . .     Gourm    .   z - +3 buckler {AC+3}
rNeg     . . .     Faith    .   M - +3 crown of Dyrovepreva {rElec Int+2 SInv}
rPois    .         Spirit   .   o - +2 amulet of reflection
rElec    +         Reflect  +   n - +4 ring of evasion
rCorr    +         Harm     .   q - ring of wizardry
MR       +....                  u - ring of stealth
Stlth    +++++++...             w - ring of flight
HPRegen  0.25/turn              B - ring of protection from magic
MPRegen  0.15/turn              y - ring of resist corrosion
                                S - ring of wizardry
                                U - ring of see invisible

@: heroism
A: almost no armour, stealthy swim, amphibious, 8 rings, constrict 8, camouflage
1, cold resistance 1, gelatinous body 1, no potion heal 1
a: Heroism, Renounce Religion, Evoke Flight


You were on level 13 of the Dungeon.
You worshipped Okawaru.
Okawaru was greatly pleased with you.
You were not hungry.

You visited 2 branches of the dungeon, and saw 14 of its levels.
You also visited: Sewer and Ossuary.

You collected 963 gold pieces.
You spent 371 gold pieces at shops.

Inventory:

Hand Weapons
 a - a +2 dagger
 b - a +0 blowgun
 l - a +3 vampiric short sword (weapon)
 s - a +4 dagger of flaming
 x - a +2 dagger of protection
Missiles
 c - 63 poisoned needles
 d - 2 curare-tipped needles
 D - 4 javelins (quivered)
Armour
 z - a +3 buckler of protection (worn)
 M - the +3 crown of Dyrovepreva (worn) {rElec Int+2 SInv}
   (You acquired it on level 9 of the Dungeon)

   It affects your intelligence (+2).
   It insulates you from electricity.
   It lets you see invisible.
Jewellery
 n - a +4 ring of evasion (left tentacle)
 o - a +2 amulet of reflection (around mantle)
 q - a ring of wizardry (right tentacle)
 u - a ring of stealth (on tentacle)
 w - a ring of flight (on tentacle)
 y - a ring of resist corrosion (on tentacle)
 B - a ring of protection from magic (on tentacle)
 S - a ring of wizardry (on tentacle)
 U - a ring of see invisible (on tentacle)
Wands
 J - a wand of confusion (26/48)
 K - a wand of random effects (28/48)
 N - a wand of flame (14/48)
 Q - a wand of iceblast (9/15)
 V - a wand of paralysis (0/24)
 W - a wand of lightning (7/15)
Scrolls
 e - 3 scrolls of teleportation
 h - 8 scrolls of remove curse
 j - 5 scrolls of recharging
 r - 5 scrolls of identify
 v - a scroll of enchant armour
 O - a scroll of magic mapping
 P - a scroll of immolation {unknown}
 T - 2 scrolls of fear
Potions
 i - 9 potions of curing
 k - 3 potions of flight
 p - 4 potions of lignification
 t - 2 potions of resistance
 A - 2 potions of haste
 E - a potion of might
 F - 3 potions of heal wounds
 G - 6 potions of agility
 H - 4 potions of brilliance
 I - 2 potions of cancellation
 L - a potion of invisibility
 R - a potion of berserk rage
Books
 C - a book of Maledictions

   Spells                             Type                      Level
   a - Corona                         Hexes                        1
   b - Ensorcelled Hibernation        Hexes/Ice                    2
   c - Confuse                        Hexes                        3
   d - Tukima's Dance                 Hexes                        3
   e - Dazzling Spray                 Conjuration/Hexes            3
Comestibles
 f - 9 bread rations
 g - 5 meat rations
 m - 8 royal jellies


   Skills:
 + Level 11.7(16.7) Fighting
 - Level 8.9(13.9) Short Blades
 - Level 5.0(10.0) Throwing
 - Level 7.2(12.2) Dodging
 - Level 5.4(10.4) Stealth
 - Level 5.4(10.4) Shields
 + Level 7.8 Invocations


You had 9 spell levels left.
You knew the following spells:

 Your Spells              Type           Power        Failure   Level  Hunger
a - Ensorcelled Hibernat  Hex/Ice        #.....       11%         2    ###....


Dungeon Overview and Level Annotations

Branches:
Dungeon (13/15)            Temple (1/1) D:5            Lair (0/6) D:8
    Orc (0/2) D:11
 Vaults: D:13-14

Altars:
Ashenzari
Cheibriados
Dithmenos
Elyvilon
Fedhas
Gozag
Hepliaklqana
Kikubaaqudgha
Makhleb
Nemelex Xobeh
Okawaru
Qazlal
Ru
Sif Muna
Trog
Uskayaw
Vehumet
Wu Jian
Xom
Yredelemnul
Zin
The Shining One

Shops:
D:7 }   D:11 ?[:!

Portals:
Trove: D:12 (give 9 potions of agility)

Annotations:
D:10 Apogee's ghost, journeyman TrWr


Innate Abilities, Weirdness & Mutations

You cannot wear most types of armour.
You are very stealthy in the water. (Stealth+)
You are amphibious.
You can wear up to eight rings at the same time.
You can use your tentacles to constrict eight enemies at once.
Your skin changes colour to match your surroundings (Stealth+).
Your rubbery body absorbs attacks. (AC +1, EV +1)
Your flesh is cold resistant. (rC+)
Potions are less effective at restoring your health.


Message History

The wyvern skeleton is moderately damaged.
You are engulfed in blazing flames.
The wyvern skeleton is engulfed in blazing flames.
You block the wyvern skeleton's attack.
You hit the wyvern skeleton.
The wyvern skeleton is severely damaged.
You are engulfed in blazing flames.
You puncture the wyvern skeleton!
The wyvern skeleton is almost destroyed.
You are engulfed in blazing flames.
The wyvern skeleton is engulfed in blazing flames.
The wyvern skeleton is destroyed!
You are too injured to fight recklessly!
You gain the combat prowess of a mighty hero.
You are engulfed in blazing flames.
* * * LOW HITPOINT WARNING * * *
The fire crab bites you!
* * * LOW HITPOINT WARNING * * *
You are engulfed in flames!
You die...

####...........Z
................
................
#...............
#........(......
#...............
#....§§§§.......
......t@§.......
.....§§§§.......
##..###########.
#.


You could see a fire crab shaped shifter.

Vanquished Creatures
  3 two-headed ogres
  An ugly thing (D:12)
  A centaur zombie (D:12)
  Psyche (D:12)
  A centaur skeleton (D:13)
  A kobold demonologist (D:12)
  A troll (D:11)
  5 slime creatures
  3 hippogriffs
  A wraith (D:9)
  10 yaks
  A human (D:7)
  3 hogs (D:7)
  A hungry ghost (D:12)
  7 ice beasts
  4 orc warriors
  A sky beast (D:9)
  3 phantoms
  A black bear (D:11)
  A necrophage (D:11)
  An ogre (D:7)
  A centaur (D:8)
  3 big kobolds (Sewer)
  6 bullfrogs
  2 gnoll sergeants
  2 water moccasin zombies (Ossuary)
  A wyvern skeleton (D:8)
  A water moccasin skeleton (D:6)
  8 killer bees (D:12)
  11 wights
  6 howler monkeys
  5 crimson imps
  A bullfrog zombie (D:5)
  7 hounds
  2 lava snakes (D:10)
  2 bullfrog skeletons
  5 orc priests
  9 orc wizards
  An iguana (D:4)
  7 worker ants
  3 big kobold zombies (Ossuary)
  A hound zombie (D:4)
  2 mummies (Ossuary)
  2 hound skeletons (D:5)
  A worker ant zombie (D:7)
  A howler monkey skeleton (D:5)
  57 gnolls
  13 adders
  5 shadow imps
  4 oozes
  7 adder zombies (Ossuary)
  2 adder skeletons
  6 worms
  4 leopard geckos
  42 orcs
  2 ball pythons (D:2)
  15 bats
  10 giant cockroaches
  3 gnoll zombies (Ossuary)
  3 goblins
  9 hobgoblins
  14 jackals (D:6)
  17 kobolds
  11 quokkas
  7 frilled lizards
  A giant cockroach zombie (D:5)
  2 hobgoblin zombies (Ossuary)
  A jackal zombie (D:6)
  6 kobold zombies (Ossuary)
  A leopard gecko skeleton (D:9)
  2 orc zombies (Ossuary)
  12 rats
397 creatures vanquished.

Vanquished Creatures (others)
  A wyvern skeleton (D:13)
1 creature vanquished.

Grand Total: 398 creatures vanquished

Notes
Turn   | Place    | Note
-------+----------+-------------------------------------------
     0 | D:1      | Ijustatesigmund the Octopode Assassin began the quest for the Orb.
     0 | D:1      | Reached XP level 1. HP: 14/14 MP: 1/1
   173 | D:1      | Reached XP level 2. HP: 7/19 MP: 2/2
   878 | D:2      | Reached XP level 3. HP: 25/25 MP: 3/3
   955 | D:2      | Reached skill level 3 in Fighting
  1029 | D:2      | Reached XP level 4. HP: 30/31 MP: 4/4
  1147 | D:2      | Noticed a moth of wrath
  1345 | D:2      | Found a bloodstained altar of Trog.
  1625 | D:3      | Found a shadowy altar of Dithmenos.
  1635 | D:3      | Reached XP level 5. HP: 36/36 MP: 5/5
  2454 | D:4      | Reached XP level 6. HP: 32/43 MP: 6/6
  2456 | D:4      | Reached skill level 4 in Fighting
  2469 | D:4      | Noticed a phantom
  2783 | D:4      | Found a snail-covered altar of Cheibriados.
  3170 | D:4      | Reached XP level 7. HP: 25/49 MP: 7/7
  3339 | D:4      | Found a basalt altar of Yredelemnul.
  3339 | D:4      | Found a hazy altar of Hepliaklqana.
  3589 | D:5      | Entered Level 5 of the Dungeon
  3662 | D:5      | Reached skill level 5 in Fighting
  4036 | D:5      | Found a staircase to the Ecumenical Temple.
  4038 | D:5      | Reached skill level 5 in Short Blades
  4046 | Temple   | Entered the Ecumenical Temple
  4484 | D:6      | Found a glowing drain.
  4510 | D:6      | Reached XP level 8. HP: 56/56 MP: 8/8
  4627 | Sewer    | Entered a sewer
  4819 | Sewer    | Reached skill level 6 in Fighting
  4819 | Sewer    | Reached skill level 5 in Dodging
  5864 | D:6      | Reached skill level 7 in Fighting
  5984 | D:6      | Reached XP level 9. HP: 64/64 MP: 9/9
  6602 | D:7      | Reached skill level 8 in Fighting
  6755 | D:7      | Found a sand-covered staircase.
  6763 | Ossuary  | Entered an ossuary
  7557 | D:7      | Reached XP level 10. HP: 52/73 MP: 10/10
  7917 | D:7      | Reached skill level 9 in Fighting
  8044 | D:7      | Found Uzahel's Gadget Emporium.
  8321 | D:8      | Found a staircase to the Lair.
  8453 | D:8      | Noticed a two-headed ogre
  8471 | D:8      | Killed a two-headed ogre
  8858 | D:8      | HP: 2/74 [orc warrior/trident (21)]
  8866 | D:8      | Found a blossoming altar of Fedhas.
  9071 | D:8      | Found a bloodstained altar of Trog.
  9091 | D:8      | Reached skill level 5 in Throwing
  9093 | D:8      | Found an ancient bone altar of Kikubaaqudgha.
  9094 | D:8      | Found an iron altar of Okawaru.
  9108 | D:8      | Became a worshipper of Warmaster Okawaru
  9251 | D:8      | Reached skill level 1 in Shields
  9545 | D:9      | Reached * piety under Okawaru
  9702 | D:9      | Identified a scroll of acquirement
 10221 | D:10     | Entered Level 10 of the Dungeon
 10230 | D:10     | Reached skill level 5 in Shields
 10278 | D:10     | Noticed Apogee's ghost (journeyman TrWr)
 10389 | D:11     | Reached XP level 11. HP: 80/80 MP: 11/11
 10506 | D:11     | Found Wudaxzoy's Antique Armour Boutique.
 10541 | D:11     | Reached skill level 1 in Invocations
 10625 | D:11     | Learned a level 2 spell: Ensorcelled Hibernation
 10656 | D:11     | Found Xian's Magic Scroll Boutique.
 10674 | D:11     | Bought a scroll of fear for 49 gold pieces
 10674 | D:11     | Bought a scroll of identify for 28 gold pieces
 10674 | D:11     | Bought a scroll of identify for 28 gold pieces
 10802 | D:11     | Reached ** piety under Okawaru
 10855 | D:11     | Found Gazakecomp's Distillery.
 10864 | D:11     | Bought a potion of heal wounds for 70 gold pieces
 10864 | D:11     | Bought a potion of curing for 42 gold pieces
 10864 | D:11     | Bought a potion of degeneration for 14 gold pieces
 10864 | D:11     | Bought 2 potions of heal wounds for 140 gold pieces
 10871 | D:11     | Found Yvarrue's Book Shoppe.
 10872 | D:11     | Noticed a two-headed ogre
 10887 | D:11     | Killed a two-headed ogre
 10887 | D:11     | Reached skill level 10 in Fighting
 10984 | D:11     | Found a staircase to the Orcish Mines.
 11022 | D:12     | Found an ornate altar of the Wu Jian Council.
 11080 | D:12     | Gained mutation: Potions are less effective at restoring your health. [potion of mutation]
 11080 | D:12     | Gained mutation: Your flesh is cold resistant. (rC+) [potion of mutation]
 11093 | D:12     | Noticed a sun demon
 11414 | D:13     | Reached *** piety under Okawaru
 11414 | D:13     | Reached skill level 5 in Invocations
 11486 | D:13     | Received a gift from Okawaru
 11803 | D:12     | Reached skill level 11 in Fighting
 11954 | D:12     | Reached **** piety under Okawaru
 12171 | D:12     | Found a portal to a secret trove of treasure.
 12253 | D:12     | Noticed Psyche
 12261 | D:12     | Killed Psyche
 12287 | D:12     | Noticed a two-headed ogre
 12304 | D:12     | Killed a two-headed ogre
 12328 | D:12     | Reached XP level 12. HP: 43/90 MP: 17/17
 12714 | D:13     | Slain by a fire crab (shapeshifter)

Vault maps used:
D:1:      dpeg_arrival_round_c
D:2:      first_bread, tgw_trog
D:3:      nicolae_dithmenos_shadow_blocks
D:4:      overflow_temple_1_default, gammafunk_temple_overflow_wave
D:5:      minmay_temple_entry_fiery, eino_tiny_chamber
D:6:      lemuel_castle_with_subvaults, gup_sewer_entry_glass
D:7:      serial_shops, kennysheep_mini, chequers_ossuary_entry_cave,
          grunt_livestock, st_stairs_10
D:8:      minitemple, lair_entry_dummy
D:10:     kennysheep_minor_cross, hangedman_abyss_or_decor_stabs
D:11:     orc_0_dummy, serial_shops, shop_coins, shop, shop, shop
D:12:     nicolae_trove_entry_crossroad, basic_altar, uniq_psyche
D:13:     serial_shops, shop, shop
Temple:   regret_index_temple_waves
Sewer:    kennysheep_pipe_town
Ossuary:  ossuary_tomb_2

Skill      XL: |  1  2  3  4  5  6  7  8  9 10 11 |
---------------+----------------------------------+-----
Short Blades   | 3 4 5 6 8 |  8.9
Fighting       | 3 4 5 7 8 9 11 | 11.7
Dodging        | 2 3 4 6 7 |  7.2
Throwing       | 3 5 |  5.0
Shields        | 5 |  5.4
Invocations    | 7 |  7.8
Stealth        | |  5.4

Action                   |  1- 3 |  4- 6 |  7- 9 | 10-12 || total
-------------------------+-------+-------+-------+-------++-------
Melee: Dagger            |    57 |    43 |       |       ||   100
       Constrict         |    13 |    34 |   106 |    77 ||   230
       Tentacles         |     9 |    26 |   119 |   175 ||   329
       Short sword       |       |   103 |   499 |   674 ||  1276
       Punch             |       |       |       |     3 ||     3
Throw: Tomahawk          |       |       |     4 |     1 ||     5
       Javelin           |       |       |       |    13 ||    13
Invok: Heroism           |       |       |       |     4 ||     4
Evoke: Wand              |       |       |       |     3 ||     3
  Use: Scroll            |       |     7 |    13 |    13 ||    33
       Potion            |       |     2 |     3 |     9 ||    14
 Stab: Sleeping          |    11 |    19 |    24 |    18 ||    72
       Distracted        |       |     1 |     2 |     5 ||     8
  Eat: Chunk             |       |     7 |    12 |    15 ||    34
       Bread ration      |       |     1 |       |       ||     1
       Royal jelly       |       |       |     1 |       ||     1
       Fruit             |       |       |       |     4 ||     4
Armor: Skin              |     2 |     4 |     6 |    27 ||    39
Dodge: Dodged            |    41 |    92 |   366 |   356 ||   855
Block: Other             |       |     9 |    36 |     6 ||    51
       Reflection        |       |     1 |       |     3 ||     4
       Buckler           |       |       |       |   161 ||   161
